[Event "Titled Tuesday Blitz August 08 Early 2023"]
[White "Lamaze, Simon"]
[Black "Zhigalko, Sergei"]
[WhiteFideId "36069264"]
[BlackFideId "13502956"]
[WhiteElo "2753"]
[BlackElo "2921"]
[Result "1-0"]
[Round "4"]
[TimeControl "180+1"]
[Date "2023.08.08"]
[WhiteClock "0:00:06"]
[BlackClock "0:00:00"]
[Board "27"]

1. c4 e5 2. g3 Nf6 3. Bg2 c6 4. d4 exd4 5. Qxd4 Na6 6. Nf3 Bc5 7. Qe5+ Be7 8. O-O O-O 9. Rd1 Re8 10. Qf5 d6 11. Qc2 h6 12. Nc3 Bf8 13. e4 Qc7 14. Nd4 Nc5 15. b4 Ne6 16. Nf5 a5 17. b5 Nc5 18. b6 Qxb6 19. Nxd6 Bxd6 20. Rxd6 Be6 21. Be3 Nfd7 22. Rxd7 Bxd7 23. Na4 Qc7 24. Nxc5 Bc8 25. Na4 Be6 26. Rd1 Rad8 27. Rxd8 Qxd8 28. Nc5 Bc8 29. h3 Qd6 30. Kh2 Rd8 31. Nb3 Qb4 32. Bd2 Qa4 33. Bxa5 Re8 34. Bc7 Be6 35. c5 Ra8 36. f4 Qxa2 37. Qxa2 Rxa2 38. Nd4 Bc4 39. Kg1 Ra1+ 40. Kf2 Ra2+ 41. Kf3 Rd2 42. Nf5 Rd3+ 43. Kg4 Be6 44. Kh4 f6 45. Bd6 Kh7 46. Bf1 g5+ 47. fxg5 hxg5+ 48. Kh5 Rf3 49. Be2 Rf2 50. Bd3 Rf3 51. Bc2 Rf2 52. Nd4 Bf7+ 53. Kg4 Kg7 54. e5 Bg6 55. exf6+ Kxf6 56. Bxg6 Kxg6 57. Ne6 Rd2 58. Nd8 Rd4+ 59. Kf3 Rb4 60. Bc7 Kf5 61. g4+ Kf6 62. Bb6 Ke7 63. Nxb7 Rb3+ 64. Ke4 Ke6 65. Nd8+ Kf6 66. Nxc6 Rxh3 67. Nd4 Rc3 68. Bd8+ Kg6 69. c6 Kf7 70. Bxg5 Rc5 71. Bf4 Kf6 72. c7 Kg6 73. Bd6 Rc4 74. Kd5 Rc1 75. Nc6 Kg5 76. c8=Q Rd1+ 77. Nd4 Rc1 78. Qxc1+ 1-0


[Site "https://www.chess.com"]

[Event "Titled Tuesday Blitz August 08 Early 2023"]
[White "Kim, Yoon-Young"]
[Black "Zemlyanskii, Ivan"]
[WhiteFideId "30908779"]
[BlackFideId "24249971"]
[WhiteElo "2736"]
[BlackElo "2912"]
[Result "0-1"]
[Round "4"]
[TimeControl "180+1"]
[Date "2023.08.08"]
[WhiteClock "0:00:00"]
[BlackClock "0:00:13"]
[Board "28"]

1. d4 d5 2. Nf3 Nf6 3. c4 e6 4. g3 dxc4 5. Bg2 Bb4+ 6. Bd2 c5 7. O-O O-O 8. Bxb4 cxb4 9. Qc2 a5 10. Qxc4 b6 11. Rc1 Ba6 12. Qc2 Nbd7 13. Qd1 Bb7 14. Nbd2 Qe7 15. Rc7 Rab8 16. Rac1 Qd6 17. e3 Nc5 18. Rxb7 Nxb7 19. Ne5 Nd8 20. Ndc4 Qe7 21. Nd2 Nd5 22. e4 Nf6 23. Rc4 Qd6 24. Nd3 Qe7 25. Qc2 Nb7 26. Rc7 Qd8 27. Ne5 Rc8 28. Rxc8 Qxc8 29. Nc6 Qc7 30. d5 Rc8 31. h3 Nd8 32. Nc4 Nxc6 33. dxc6 Qxc6 34. b3 b5 35. e5 Nd5 0-1


[Site "https://www.chess.com"]

[Event "Titled Tuesday Blitz August 08 Early 2023"]
[White "Ioannidis, Evgenios"]
[Black "Vokhidov, Shamsiddin"]
[WhiteFideId "4229274"]
[BlackFideId "14204223"]
[WhiteElo "2684"]
[BlackElo "2896"]
[Result "0-1"]
[Round "4"]
[TimeControl "180+1"]
[Date "2023.08.08"]
[WhiteClock "0:00:08"]
[BlackClock "0:00:12"]
[Board "29"]

1. d4 Nf6 2. c4 e6 3. Nc3 Bb4 4. e3 O-O 5. Bd2 b6 6. Nf3 Bb7 7. Bd3 d5 8. cxd5 exd5 9. Rc1 a6 10. Ne5 Re8 11. f4 Bf8 12. Qf3 c5 13. O-O Nc6 14. Be1 cxd4 15. Nxc6 Bxc6 16. exd4 Qd7 17. Bh4 Ne4 18. f5 Nd2 19. Qh5 Nxf1 20. Rxf1 Re3 21. Bb1 Rae8 22. Bf2 R3e7 23. f6 g6 24. Qg5 Re6 25. Bf5 Qd8 26. Bxe6 Rxe6 27. Bg3 h6 28. Qf4 b5 29. a3 a5 30. b4 axb4 31. axb4 Bxb4 32. Qxh6 Bf8 33. Qg5 b4 34. Nd1 Bb5 35. Rf4 b3 36. Nb2 Re2 37. h4 Rxb2 38. h5 Bd3 39. hxg6 Bxg6 40. Rh4 Rb1+ 41. Kh2 b2 42. Be5 Rh1+ 43. Kxh1 b1=Q+ 44. Kh2 Qf5 45. Qg3 Bd6 46. Rg4 Qfxf6 47. Kh1 Bxe5 48. dxe5 Qg7 49. Qf4 Qh7+ 50. Kg1 Qb6+ 0-1


[Site "https://www.chess.com"]

[Event "Titled Tuesday Blitz August 08 Early 2023"]
[White "Fus, Jakub"]
[Black "Kazakouski, Valery"]
[WhiteFideId "1193023"]
[BlackFideId "13507443"]
[WhiteElo "2674"]
[BlackElo "2890"]
[Result "0-1"]
[Round "4"]
[TimeControl "180+1"]
[Date "2023.08.08"]
[WhiteClock "0:00:21"]
[BlackClock "0:00:53"]
[Board "30"]

1. Nf3 d5 2. e3 Nf6 3. c4 e6 4. b3 b6 5. Bb2 Bb7 6. Nc3 a6 7. cxd5 exd5 8. Rc1 Bd6 9. Ne2 Nbd7 10. Ng3 g6 11. Be2 Qe7 12. Rc2 h5 13. Qa1 h4 14. Nf1 h3 15. g3 O-O-O 16. d3 Kb8 17. N1d2 Rhe8 18. a4 Ng4 19. Nf1 Bb4+ 20. Bc3 f5 21. Bxb4 Qxb4+ 22. Qc3 Qxc3+ 23. Rxc3 d4 24. Rc2 dxe3 25. fxe3 Nde5 26. Nxe5 Nxe5 27. Rg1 Nxd3+ 28. Bxd3 Rxd3 29. Rb2 Bg2 30. Kf2 Bxf1 31. Rxf1 Rexe3 32. Rc1 Rxb3 33. Rbc2 Re7 34. Rc6 Rb2+ 35. Kf3 Rxh2 36. Rxg6 Ra2 37. Rc4 h2 38. Rh6 Re1 39. Rch4 Rf1+ 40. Ke3 Ra3+ 41. Ke2 h1=Q 42. Rxh1 Rxh1 43. Rxh1 Rxg3 44. Rf1 Ra3 0-1


[Site "https://www.chess.com"]

[Event "Titled Tuesday Blitz August 08 Early 2023"]
[White "Baskakov, Egor"]
[Black "Sokolovsky, Yahli"]
[WhiteFideId "24197866"]
[BlackFideId "2820242"]
[WhiteElo "2879"]
[BlackElo "2674"]
[Result "1/2-1/2"]
[Round "4"]
[TimeControl "180+1"]
[Date "2023.08.08"]
[WhiteClock "0:00:18"]
[BlackClock "0:00:05"]
[Board "31"]

1. e4 d6 2. g3 Nf6 3. Bg2 g6 4. Ne2 Bg7 5. h3 O-O 6. d4 e5 7. O-O Nc6 8. Re1 Bd7 9. d5 Ne7 10. c4 c5 11. Nbc3 a6 12. a4 a5 13. b3 Ne8 14. Be3 f5 15. Qd2 Nf6 16. Kh2 Qc8 17. Bh6 Bxh6 18. Qxh6 Nxe4 19. Nxe4 fxe4 20. Nc3 Rxf2 21. Nxe4 Rf7 22. Nxd6 Nf5 23. Nxc8 Nxh6 24. Nd6 Rf2 25. Nxb7 Rc8 26. Rxe5 Rb2 27. Nxa5 Rf8 28. Kg1 Rff2 29. Bf1 Nf5 30. Rb1 Ra2 31. Ra1 Rab2 32. Rb1 Ra2 33. Ra1 Rab2 1/2-1/2


[Site "https://www.chess.com"]

[Event "Titled Tuesday Blitz August 08 Early 2023"]
[White "Isanzhulov, Arystan"]
[Black "Aaditya Dhingra"]
[WhiteFideId "13711644"]
[BlackFideId "25678191"]
[WhiteElo "2866"]
[BlackElo "2674"]
[Result "1-0"]
[Round "4"]
[TimeControl "180+1"]
[Date "2023.08.08"]
[WhiteClock "0:00:21"]
[BlackClock "0:00:00"]
[Board "32"]

1. a3 e5 2. g3 Nf6 3. Bg2 d5 4. c3 Bd6 5. d4 e4 6. h4 Ng4 7. Nh3 e3 8. Qd3 Qe7 9. Bxe3 Nxe3 10. Qxe3 Qxe3 11. fxe3 Bxg3+ 12. Kd2 c6 13. a4 Nd7 14. Nf4 Nf6 15. Na3 O-O 16. Bf3 Re8 17. Nc2 Bf5 18. Rag1 Bf2 19. Rg2 Bxc2 20. Kxc2 Bxe3 21. Nh5 Nxh5 22. Bxh5 g6 23. Bg4 Kg7 24. h5 Re7 25. Rgh2 f5 26. Bh3 Kf6 27. Rf1 Rae8 28. Bg4 Bg5 29. Rg2 Re4 30. Bf3 Rh4 31. hxg6 Kxg6 32. a5 a6 33. Kb3 Kf6 34. Bg4 f4 35. Kb4 h5 36. Bd7 Re7 37. Bc8 Rc7 38. Rfg1 Rxc8 39. Rxg5 Rf8 40. Kc5 Rh2 41. Rg6+ Ke7 42. Re1 h4 43. Kb6 h3 44. Rh6 Rf6 45. Rh4 Ke6 46. Kxb7 Kf5 47. Rh8 Re6 48. Kxa6 Rexe2 49. Rf1 1-0


[Site "https://www.chess.com"]

[Event "Titled Tuesday Blitz August 08 Early 2023"]
[White "Petrosian, Karlen"]
[Black "Pranav Anand"]
[WhiteFideId "4176146"]
[BlackFideId "46626786"]
[WhiteElo "2669"]
[BlackElo "2863"]
[Result "0-1"]
[Round "4"]
[TimeControl "180+1"]
[Date "2023.08.08"]
[WhiteClock "0:00:03"]
[BlackClock "0:01:05"]
[Board "33"]

1. e4 e5 2. Nc3 Nc6 3. Bc4 Nf6 4. d3 Na5 5. Qf3 Nxc4 6. dxc4 h6 7. Nge2 c6 8. Be3 d6 9. h3 Be6 10. b3 Be7 11. O-O Qc7 12. Ng3 g6 13. a4 Kf8 14. Qe2 Kg7 15. f4 exf4 16. Bxf4 Nd7 17. Nf5+ Bxf5 18. exf5 Bf6 19. Qd3 Rae8 20. Rad1 g5 21. Bxd6 Qb6+ 22. Kh1 Re3 23. c5 Rxd3 24. cxb6 Rxc3 25. bxa7 Ra8 26. Bb4 Nb6 27. Bxc3 Bxc3 28. Rf3 Bf6 29. a5 Nd5 30. c4 Nc3 31. Rd7 Rxa7 32. b4 c5 33. bxc5 Rxa5 34. Rxb7 Rxc5 35. g4 Rxc4 36. Rd3 Rc8 37. Rdd7 Rf8 38. Kg2 Ne4 39. Ra7 Nc5 40. Rdc7 Nd3 41. Ra6 Nf4+ 42. Kh2 Be5 43. Rca7 Rd8 44. Ra5 Rd2+ 45. Kh1 Bd4 46. Rd7 Rd1+ 47. Kh2 Bg1+ 0-1


[Site "https://www.chess.com"]

[Event "Titled Tuesday Blitz August 08 Early 2023"]
[White "Yeletsky, Ivan"]
[Black "Nagare Kaivalya Sandip"]
[WhiteFideId "24180327"]
[BlackFideId "25957929"]
[WhiteElo "2857"]
[BlackElo "2663"]
[Result "1-0"]
[Round "4"]
[TimeControl "180+1"]
[Date "2023.08.08"]
[WhiteClock "0:00:09"]
[BlackClock "0:00:01"]
[Board "34"]

1. e4 c5 2. a4 Nc6 3. Bb5 Nf6 4. d3 a6 5. Bxc6 bxc6 6. Qe2 d5 7. Nc3 d4 8. Nb1 e5 9. Na3 Be6 10. b3 Bd6 11. Nf3 h6 12. Nd2 O-O 13. O-O Nd7 14. Nac4 Bc7 15. Re1 g6 16. Nf3 Kg7 17. Qd2 g5 18. Kf1 f5 19. exf5 Rxf5 20. Ng1 Qf6 21. f3 Rf8 22. Ke2 g4 23. Kd1 Bd5 24. Ba3 gxf3 25. Nxf3 Bxf3+ 26. gxf3 Rxf3 27. Kc1 Rf2 28. Qd1 Kh7 29. Kb2 Rxh2 30. Rg1 e4 31. Qg4 Ne5 32. Nxe5 Bxe5 33. Qxe4+ Qf5 34. Rae1 Qxe4 35. Rxe4 Rh5 36. Bxc5 Rd8 37. Bb6 Rd7 38. b4 Rf5 39. Kb3 Bg7 40. Re6 h5 41. Rxc6 h4 42. Rh1 Rh5 43. Rc5 Rh6 44. Rc7 Rxc7 45. Bxc7 h3 46. b5 axb5 47. axb5 Kg6 48. b6 Kf5 49. b7 Rh8 50. Rxh3 Rxh3 51. b8=Q 1-0


[Site "https://www.chess.com"]

[Event "Titled Tuesday Blitz August 08 Early 2023"]
[White "Molina, Roberto Junio Brito"]
[Black "Weishaeutel, Moritz"]
[WhiteFideId "2109450"]
[BlackFideId "12967300"]
[WhiteElo "2856"]
[BlackElo "2650"]
[Result "1-0"]
[Round "4"]
[TimeControl "180+1"]
[Date "2023.08.08"]
[WhiteClock "0:00:16"]
[BlackClock "0:00:02"]
[Board "35"]

1. d4 Nf6 2. c4 c5 3. d5 b5 4. cxb5 a6 5. b6 Qxb6 6. Nc3 d6 7. e4 g6 8. Nf3 Bg7 9. Be2 O-O 10. O-O Nbd7 11. Nd2 Qc7 12. a4 Bb7 13. a5 e6 14. Nc4 Nxe4 15. Nxe4 exd5 16. Nexd6 Bc6 17. Bf3 dxc4 18. Nxc4 Rab8 19. Bxc6 Qxc6 20. Qc2 Ne5 21. Nxe5 Bxe5 22. Ra3 Rfe8 23. Re3 Bd4 24. Rd3 Qb5 25. b3 Qxa5 26. Bd2 Qb5 27. Rd1 Re2 28. Rf3 Rbe8 29. g3 Qb7 30. Qd3 Qe7 31. Be3 Rxe3 32. fxe3 Bxe3+ 33. Kg2 Bd4 34. Qxa6 Qe4 35. Qd3 Qd5 36. Qc4 Qxc4 37. bxc4 Re2+ 38. Kh3 Rc2 39. Re1 Rxc4 40. Re8+ Kg7 41. Re7 Bf6 42. Rc7 Rc2 43. Ra3 Bd4 44. Raa7 Rf2 45. Re7 c4 46. Rac7 c3 47. Re4 Bf6 48. Rc6 h5 49. Rf4 Rxf4 50. gxf4 Bd4 51. Kg3 f6 52. Kf3 g5 53. Ke4 Bg1 54. h3 gxf4 55. Rxc3 Be3 56. Kf5 Kf7 57. Rc7+ Ke8 58. Ke6 Kd8 59. Rf7 f3 60. Rxf6 f2 61. Kd6 Ke8 62. Rf3 Bd4 63. Ke6 h4 64. Kf5 Ke7 65. Kg4 Ke6 66. Kxh4 Ke5 67. Kg3 Ke4 68. Kg2 Be3 69. h4 Bd4 70. h5 Be3 71. Rf7 Ke5 72. Kf1 Ke6 73. Rf3 Bg5 74. Kxf2 Bf6 75. Kg3 Kf7 76. Kg4 Kg7 77. Rb3 Kh6 78. Rb6 Kg7 79. Kf5 Bd4 80. Rg6+ Kh7 81. Kf4 Bb2 82. Rc6 Bg7 83. Kg5 Bb2 84. Rc7+ Kg8 85. Kg6 Ba3 86. Rc8+ Bf8 87. h6 1-0


[Site "https://www.chess.com"]

[Event "Titled Tuesday Blitz August 08 Early 2023"]
[White "Erzhanov, Arman"]
[Black "Henriquez Villagra, Cristobal"]
[WhiteFideId "4138821"]
[BlackFideId "3409350"]
[WhiteElo "2621"]
[BlackElo "2844"]
[Result "0-1"]
[Round "4"]
[TimeControl "180+1"]
[Date "2023.08.08"]
[WhiteClock "0:00:37"]
[BlackClock "0:00:35"]
[Board "36"]

1. e4 d6 2. d4 Nf6 3. Nc3 e5 4. Nge2 c6 5. a4 Be7 6. h3 h5 7. g3 Qa5 8. Bg2 b5 9. O-O Nbd7 10. d5 cxd5 11. Nxd5 bxa4 12. Nec3 Nxd5 13. Nxd5 Bb7 14. Bd2 Qd8 15. Nxe7 Qxe7 16. Bb4 Nc5 17. Bxc5 dxc5 18. Rxa4 h4 19. g4 O-O 20. Qd3 Rfd8 21. Qc3 Rd4 22. Ra5 Bxe4 23. Bxe4 Rxe4 24. Rxc5 Rd8 25. Rc7 Qf6 26. Rxa7 Re2 27. Rc7 Rdd2 28. Rc8+ Kh7 29. Kg2 Rxf2+ 0-1


[Site "https://www.chess.com"]

[Event "Titled Tuesday Blitz August 08 Early 2023"]
[White "Ibarra Jerez, Jose Carlos"]
[Black "Moral Garcia, Serafin"]
[WhiteFideId "2226332"]
[BlackFideId "2201925"]
[WhiteElo "2839"]
[BlackElo "2558"]
[Result "1-0"]
[Round "4"]
[TimeControl "180+1"]
[Date "2023.08.08"]
[WhiteClock "0:00:43"]
[BlackClock "0:00:02"]
[Board "37"]

1. e4 e5 2. Nf3 Nf6 3. Nc3 Nc6 4. h3 g6 5. d4 exd4 6. Nxd4 Bg7 7. Nxc6 bxc6 8. Bd3 O-O 9. O-O d5 10. Bg5 Qd6 11. Qf3 dxe4 12. Nxe4 Nxe4 13. Bxe4 Bxb2 14. Rad1 Qa3 15. Qxa3 Bxa3 16. Bh6 Ba6 17. Bxf8 Rxf8 18. Rfe1 Bb5 19. Bd3 Bd6 20. c4 Ba4 21. Rb1 Rd8 22. Be4 Bc5 23. Re2 Rd4 24. Bc2 Rxc4 25. Bxa4 Rxa4 26. Rc1 Ra5 27. Kf1 Bd6 28. Rxc6 Kg7 29. g3 h5 30. h4 Rb5 31. Kg2 a5 32. Rc4 Kf6 33. Re3 Kg7 34. Rf3 Rd5 35. Rc2 Rb5 36. Re2 Kf8 37. Re4 Rc5 38. Rfe3 Kg7 39. Re8 Rc4 40. R8e4 Rc5 41. Rf3 Rc2 42. Ra4 Bb4 43. a3 Ra2 44. Rd3 Kf8 45. Kf3 Kg7 46. Ke4 Bd6 47. f4 f5+ 48. Kd5 Kf6 49. Rxa5 Re2 50. Kc4 Rg2 51. Kb3 Ke6 52. Ra8 Kf6 53. Re8 Rg1 54. Re2 Rb1+ 55. Rb2 Re1 56. a4 Ra1 57. Ra2 Rb1+ 58. Kc2 Rb4 59. a5 1-0


[Site "https://www.chess.com"]

[Event "Titled Tuesday Blitz August 08 Early 2023"]
[White "Khandelwal, Ankush"]
[Black "Ozen, Bahadir"]
[WhiteFideId "413470"]
[BlackFideId "6337058"]
[WhiteElo "2528"]
[BlackElo "2818"]
[Result "0-1"]
[Round "4"]
[TimeControl "180+1"]
[Date "2023.08.08"]
[WhiteClock "0:00:00"]
[BlackClock "0:00:05"]
[Board "38"]

1. e4 d6 2. d4 Nf6 3. Nc3 e5 4. Nf3 Nbd7 5. Bc4 Be7 6. O-O O-O 7. Re1 c6 8. a4 b6 9. Ba2 a6 10. h3 Rb8 11. Be3 b5 12. axb5 axb5 13. b4 Qc7 14. Qd2 Nb6 15. Rad1 Nc4 16. Bxc4 bxc4 17. Rb1 Re8 18. Bg5 h6 19. Bxf6 Bxf6 20. d5 Bd7 21. Red1 Be7 22. dxc6 Bxc6 23. b5 Ba8 24. Nh2 Qc5 25. Ng4 Red8 26. Qe3 Qc8 27. Qg3 Kf8 28. Ne3 Bg5 29. Nf5 Qe6 30. Qf3 g6 31. Ne3 Kg7 32. Ncd5 Rd7 33. Nxc4 f5 34. exf5 gxf5 35. Ncb6 Rxb6 36. Nxb6 Bxf3 37. Nxd7 Bb7 38. Nb8 d5 39. Rd3 d4 40. Ra3 Kg6 41. Ra7 Qd5 42. f3 Kh5 43. Nc6 Bxc6 44. bxc6 Qxc6 45. Ra5 Be3+ 46. Kh1 Bf4 47. Rab5 Qg6 0-1


[Site "https://www.chess.com"]

[Event "Titled Tuesday Blitz August 08 Early 2023"]
[White "Krzyzanowski, Marcin"]
[Black "Nathan, Nitish"]
[WhiteFideId "1132199"]
[BlackFideId "30927870"]
[WhiteElo "2785"]
[BlackElo "2396"]
[Result "1-0"]
[Round "4"]
[TimeControl "180+1"]
[Date "2023.08.08"]
[WhiteClock "0:00:05"]
[BlackClock "0:00:05"]
[Board "39"]

1. e4 c5 2. Nf3 Nc6 3. d4 cxd4 4. Nxd4 e5 5. Nb5 d6 6. c4 Be7 7. N1c3 a6 8. Na3 f5 9. exf5 Bxf5 10. Bd3 Be6 11. O-O Nf6 12. Ne4 O-O 13. Nxf6+ gxf6 14. Nc2 f5 15. f4 e4 16. Be2 Bf6 17. Kh1 d5 18. cxd5 Qxd5 19. Qe1 Kh8 20. Be3 Qd7 21. Rd1 Qg7 22. b3 Rad8 23. Qf2 Rg8 24. g3 Rge8 25. Bb6 Rc8 26. Ne3 Nd4 27. Bc4 Bxc4 28. bxc4 Rf8 29. Nd5 Nc6 30. Nxf6 Qxf6 31. Rd5 Qe6 32. Rfd1 Rfe8 33. Qb2+ Kg8 34. Be3 Re7 35. Qc3 Rf7 36. g4 Qf6 37. Qxf6 Rxf6 38. gxf5 Ne7 39. Rg1+ Kf7 40. Rd7 Rxc4 41. Bd4 Rxd4 42. Rxd4 e3 43. Re4 Nxf5 44. Rc1 Rb6 45. Rc2 Rb1+ 46. Kg2 Rb6 47. Kf3 Rh6 48. Kg4 Nd6 49. Rxe3 Rg6+ 50. Kf3 Nf5 51. Rc7+ Kf6 52. Rd3 Rh6 53. Rxb7 Rxh2 54. Rb6+ Kf7 55. Rxa6 Nh4+ 56. Kg4 Ng2 57. Rd7+ Ke8 58. Rb7 Rh4+ 59. Kg3 Rxf4 60. Ra8# 1-0


[Site "https://www.chess.com"]

[Event "Titled Tuesday Blitz August 08 Early 2023"]
[White "Sadykov, Ramil"]
[Black "Sarana, Alexey"]
[WhiteFideId "24113590"]
[BlackFideId "24133795"]
[WhiteElo "2606"]
[BlackElo "3082"]
[Result "0-1"]
[Round "4"]
[TimeControl "180+1"]
[Date "2023.08.08"]
[WhiteClock "0:01:33"]
[BlackClock "0:01:42"]
[Board "40"]

1. e4 e5 2. Nf3 Nc6 3. Nc3 Nf6 4. d4 exd4 5. Nxd4 Bb4 6. Nxc6 bxc6 7. Bd3 d6 8. O-O Ng4 9. h3 Ne5 10. Be2 Qh4 11. f4 Qg3 12. fxe5 Bc5+ 13. Kh1 Bxh3 14. Bf3 Bxg2+ 0-1


[Site "https://www.chess.com"]

[Event "Titled Tuesday Blitz August 08 Early 2023"]
[White "Bluebaum, Matthias"]
[Black "Subelj, Jan"]
[WhiteFideId "24651516"]
[BlackFideId "14618583"]
[WhiteElo "3033"]
[BlackElo "2604"]
[Result "1-0"]
[Round "4"]
[TimeControl "180+1"]
[Date "2023.08.08"]
[WhiteClock "0:00:46"]
[BlackClock "0:00:05"]
[Board "41"]

1. d4 g6 2. c4 Bg7 3. e4 Nc6 4. Nf3 d6 5. d5 Ne5 6. Nxe5 Bxe5 7. Bd3 h5 8. h3 h4 9. O-O c5 10. Nc3 Nf6 11. Be3 Nh5 12. Qd2 Bd7 13. Rab1 Qc8 14. f4 Bg7 15. Rf3 Ng3 16. Ne2 Bxh3 17. Nxg3 hxg3 18. Rxg3 Bg4 19. f5 Bh5 20. Rf1 Be5 21. Rh3 Qd7 22. b4 b6 23. bxc5 dxc5 24. Be2 Bxe2 25. Rxh8+ Bxh8 26. Qxe2 Be5 27. fxg6 fxg6 28. Qf3 O-O-O 29. Qh3 Qxh3 30. gxh3 Rh8 31. Kg2 Rh4 32. Rf7 Rxe4 33. Kf3 Rxc4 34. Rxe7 Bd4 35. Bg5 Rc3+ 36. Ke4 Rc2 37. Kd3 Rc3+ 38. Kd2 Rxh3 39. d6 Rh8 40. Kd3 Kb8 41. Kc4 Rd8 42. Kd5 Bg1 43. Rh7 Rf8 44. d7 Bh2 45. d8=Q+ Rxd8+ 46. Bxd8 1-0


[Site "https://www.chess.com"]

[Event "Titled Tuesday Blitz August 08 Early 2023"]
[White "Zarnicki, Pablo"]
[Black "Makarian, Rudik"]
[WhiteFideId "100137"]
[BlackFideId "44105681"]
[WhiteElo "2602"]
[BlackElo "3005"]
[Result "1-0"]
[Round "4"]
[TimeControl "180+1"]
[Date "2023.08.08"]
[WhiteClock "0:00:33"]
[BlackClock "0:00:18"]
[Board "42"]

1. e4 e6 2. d4 d5 3. Nd2 c5 4. exd5 Qxd5 5. Ngf3 cxd4 6. Bc4 Qd8 7. O-O a6 8. Nb3 Nc6 9. Nfxd4 Nxd4 10. Qxd4 Qxd4 11. Nxd4 Nf6 12. a4 Bd7 13. Be2 Bc5 14. Nb3 Rc8 15. Bf3 Bc6 16. Bxc6+ Rxc6 17. Nxc5 Rxc5 18. c3 Nd5 19. Re1 Ke7 20. Be3 Nxe3 21. Rxe3 Rd8 22. Kf1 g5 23. g3 h5 24. Re2 g4 25. Ra3 b6 26. Rb3 Rd6 27. Kg2 f5 28. h3 Kf6 29. hxg4 hxg4 30. Re1 Rcd5 31. Rh1 Rd2 32. Rh6+ Kg7 33. Rh1 Rc2 34. Rb4 e5 35. Rf1 Kf6 36. Rb3 Kg5 37. Rb4 e4 38. Kg1 e3 39. fxe3 Rdd2 40. Re1 Rg2+ 41. Kh1 Rxg3 42. Rxb6 Rh3+ 43. Kg1 Kh4 44. Rh6+ Kg3 45. Rxh3+ Kxh3 46. b4 Rxc3 47. Rb1 Rxe3 48. b5 axb5 49. axb5 Re7 50. b6 Rb7 51. Kf2 f4 52. Rh1# 1-0


[Site "https://www.chess.com"]

[Event "Titled Tuesday Blitz August 08 Early 2023"]
[White "Goldin, Alexander"]
[Black "Movahed, Sina"]
[WhiteFideId "2019540"]
[BlackFideId "42520835"]
[WhiteElo "2601"]
[BlackElo "2967"]
[Result "1-0"]
[Round "4"]
[TimeControl "180+1"]
[Date "2023.08.08"]
[WhiteClock "0:00:15"]
[BlackClock "0:00:16"]
[Board "43"]

1. Nf3 Nf6 2. g3 g6 3. Bg2 Bg7 4. O-O O-O 5. c4 d6 6. Nc3 e5 7. d4 Nbd7 8. e4 exd4 9. Nxd4 Re8 10. h3 Nc5 11. Re1 h6 12. Rb1 a5 13. Kh2 c6 14. b3 h5 15. Bf4 h4 16. g4 a4 17. b4 Ne6 18. Be3 Nxd4 19. Bxd4 c5 20. bxc5 dxc5 21. Bxc5 Nxg4+ 22. hxg4 Bxc3 23. Qxd8 Rxd8 24. Kh3 Bxe1 25. Rxe1 Be6 26. Kxh4 Bxc4 27. a3 Rd3 28. e5 Be6 29. Bxb7 Rb8 30. Be4 Rc3 31. Bd6 Rb2 32. f3 Rbb3 33. Kg5 Rxa3 34. Bxa3 Rxa3 35. Kf6 Rc3 36. Rd1 Rc8 37. Rd3 Bb3 38. f4 Rb8 39. f5 gxf5 40. gxf5 Rb6+ 41. Ke7 Kg7 42. Rg3+ Kh6 43. e6 fxe6 44. f6 e5 45. f7 Bxf7 46. Kxf7 Rb4 47. Bf5 Rb3 48. Rg2 Kh5 49. Kf6 Re3 50. Rh2+ 1-0


[Site "https://www.chess.com"]

[Event "Titled Tuesday Blitz August 08 Early 2023"]
[White "Puranik, Abhimanyu"]
[Black "banhgiahuy2606"]
[WhiteFideId "5061245"]
[WhiteElo "2957"]
[BlackElo "2596"]
[Result "1-0"]
[Round "4"]
[TimeControl "180+1"]
[Date "2023.08.08"]
[WhiteClock "0:00:13"]
[BlackClock "0:00:37"]
[Board "45"]

1. c4 e6 2. Nc3 d5 3. e3 Nf6 4. Nf3 Be7 5. b3 O-O 6. Bb2 b6 7. cxd5 Nxd5 8. Nxd5 Qxd5 9. Bc4 Qd8 10. O-O Bb7 11. Qe2 Nd7 12. d4 c5 13. Rfd1 Qe8 14. Bb5 Qc8 15. Bxd7 Qxd7 16. dxc5 Qc6 17. cxb6 axb6 18. Rac1 Qe4 19. Rc4 Qg6 20. Rc7 Bxf3 21. Qxf3 Rxa2 22. Bxg7 Kxg7 23. Rxe7 Rb2 24. e4 Qf6 25. Qg3+ Qg6 26. Qe3 Rc8 27. h4 Rcc2 28. Qd4+ Qf6 29. Qxf6+ Kxf6 30. Rdd7 Ke5 31. Rxf7 Kxe4 32. Rf3 e5 33. Rxh7 b5 34. Rb7 Rc5 35. h5 Rb1+ 36. Kh2 Rcc1 37. Re3+ Kf5 38. Kg3 Rh1 39. Rxb5 Kf6 40. Rbxe5 Rxb3 41. Rxb3 Kxe5 42. Rb5+ Kf6 43. Kg4 Kg7 44. f4 Kh7 45. Kg5 Kh8 46. g4 Rd1 47. f5 Rd6 48. f6 Rd8 49. Rb7 Rg8+ 50. Kf5 Rc8 51. g5 Rd8 52. Kg6 Rg8+ 53. Kh6 Rd8 54. Rh7+ Kg8 55. f7+ Kf8 56. Rh8+ 1-0


[Site "https://www.chess.com"]

[Event "Titled Tuesday Blitz August 08 Early 2023"]
[White "Demidov, Mikhail"]
[Black "Jia, Haoxiang"]
[WhiteFideId "4197143"]
[BlackFideId "8602999"]
[WhiteElo "2952"]
[BlackElo "2595"]
[Result "1-0"]
[Round "4"]
[TimeControl "180+1"]
[Date "2023.08.08"]
[WhiteClock "0:02:02"]
[BlackClock "0:01:15"]
[Board "46"]

1. Nf3 Nf6 2. g3 g6 3. b3 Bg7 4. Bb2 O-O 5. Bg2 d6 6. d4 c6 7. O-O Nbd7 8. Nbd2 a5 9. a4 Qc7 10. e4 e5 11. Re1 Re8 12. Nc4 b5 13. dxe5 bxc4 14. exf6 Nxf6 15. e5 dxe5 16. Bxe5 Qb6 17. Qd4 Qxd4 18. Nxd4 Bb7 19. bxc4 Rxe5 20. Rxe5 Ng4 21. Re4 f5 22. Rxg4 fxg4 23. c3 Rd8 24. Rb1 Ba6 25. Nxc6 Rd2 26. Bd5+ 1-0


[Site "https://www.chess.com"]

[Event "Titled Tuesday Blitz August 08 Early 2023"]
[White "Indjic, Aleksandar"]
[Black "Heinemann, Josefine"]
[WhiteFideId "911925"]
[BlackFideId "12900460"]
[WhiteElo "2926"]
[BlackElo "2595"]
[Result "1-0"]
[Round "4"]
[TimeControl "180+1"]
[Date "2023.08.08"]
[WhiteClock "0:02:07"]
[BlackClock "0:00:19"]
[Board "47"]

1. e4 c5 2. Nf3 d6 3. d4 cxd4 4. Qxd4 Nc6 5. Bb5 Bd7 6. Bxc6 Bxc6 7. Nc3 Nf6 8. Bg5 e6 9. O-O-O Be7 10. Kb1 O-O 11. h4 h6 12. Rh3 Qb6 13. Qd2 hxg5 14. hxg5 Nxe4 15. Rdh1 Nxd2+ 16. Nxd2 1-0


[Site "https://www.chess.com"]

[Event "Titled Tuesday Blitz August 08 Early 2023"]
[White "Terry, Renato"]
[Black "Budrewicz, Krzysztof"]
[WhiteFideId "3803457"]
[BlackFideId "1127950"]
[WhiteElo "2921"]
[BlackElo "2592"]
[Result "1-0"]
[Round "4"]
[TimeControl "180+1"]
[Date "2023.08.08"]
[WhiteClock "0:01:57"]
[BlackClock "0:01:45"]
[Board "48"]

1. e4 e5 2. Nf3 Nc6 3. c3 Nge7 4. d4 exd4 5. cxd4 d5 6. e5 g6 7. h3 Bg7 8. Nc3 O-O 9. Bb5 f6 10. exf6 Bxf6 11. O-O Bg7 12. Re1 a6 13. Ba4 b5 14. Bb3 Na5 15. Bg5 Bf6 16. Bxf6 Rxf6 17. Rxe7 Nxb3 18. Qxb3 Qxe7 19. Nxd5 Qf7 20. Nxf6+ Kg7 21. Qxf7+ Kxf7 22. Nd5 Bb7 23. Ne5+ Kg7 24. Nxc7 Rc8 25. Rc1 Kf6 26. Nd5+ Ke6 27. Rxc8 Bxc8 28. Ne3 Bb7 29. Kf1 1-0


[Site "https://www.chess.com"]

[Event "Titled Tuesday Blitz August 08 Early 2023"]
[White "Vlassov, Nikolai"]
[Black "Demchenko, Anton"]
[WhiteFideId "4103360"]
[BlackFideId "4160258"]
[WhiteElo "2590"]
[BlackElo "2900"]
[Result "0-1"]
[Round "4"]
[TimeControl "180+1"]
[Date "2023.08.08"]
[WhiteClock "0:00:00"]
[BlackClock "0:00:14"]
[Board "49"]

1. e4 e5 2. Bc4 Nf6 3. d3 Bc5 4. Nf3 d6 5. Bg5 h6 6. Bh4 Nbd7 7. Nc3 c6 8. d4 Bb6 9. dxe5 dxe5 10. Qe2 Ba5 11. O-O Qe7 12. Rfd1 Nf8 13. Bg3 Ng6 14. h3 O-O 15. Rd3 Nh5 16. Rd2 Nhf4 17. Qf1 Kh8 18. Rad1 f5 19. exf5 Bxf5 20. a3 Nh5 21. Bh2 Rae8 22. Re2 Bc7 23. Rde1 Ngf4 24. Re3 e4 25. Nd4 Bh7 26. g3 Bb6 27. Rd1 Qf6 28. gxf4 Bxd4 29. Re2 Bxc3 30. bxc3 Nxf4 31. Bxf4 Qxf4 32. Qg2 Re5 33. Kh1 Rg5 34. Qh2 Qf3+ 0-1


[Site "https://www.chess.com"]